 Dungeon Crawl Stone Soup version 0.17-a0-2127-g1cb09f6 (webtiles) character file.

556 Ijustatesigmund the Covert (level 7, -2/45 HPs)
             Began as an Octopode Assassin on Oct 23, 2015.
             Was a Believer of Cheibriados.
             Slain by a sky beast (6 damage)
             ... on level 5 of the Dungeon.
             The game lasted 00:12:19 (3693 turns).

Ijustatesigmund the Covert (Octopode Assassin)      Turns: 3693, Time: 00:12:20

Health: -2/45      AC:  1    Str: 15    XL:     7   Next: 30%
Magic:  10/10      EV: 12    Int: 19    God:    Cheibriados [**....]
Gold:   173        SH:  0    Dex: 17    Spells: 0 memorised, 6 levels left

rFire  . . .     SeeInvis .     a - +2 dagger
rCold  . . .     Clarity  .     (no shield)
rNeg   . . .     SustAt   .     (helmet restricted)
rPois  .         Gourm    .     (no amulet)
rElec  .         Spirit   .     h - ring of wizardry
rCorr  .         Warding  .     (no ring)
rMut   .         Stasis   .     (no ring)
MR     .....                    (no ring)
Stlth  ++++++....               (no ring)
                                (no ring)
                                (no ring)
                                (no ring)

@: very slow, not resistant to hostile enchantments, very stealthy
A: almost no armour, amphibious, 8 rings, constrict 8, camouflage 1, gelatinous
body 1
a: Bend Time, Renounce Religion


You were on level 5 of the Dungeon.
You worshipped Cheibriados.
Cheibriados was pleased with you.
You were hungry.

You visited 1 branch of the dungeon, and saw 5 of its levels.

You collected 173 gold pieces.

Inventory:

Hand Weapons
 a - a +2 dagger (weapon)
 b - a +0 blowgun
Missiles
 c - 8 poisoned needles
 d - 2 curare-tipped needles
Jewellery
 h - a ring of wizardry (left tentacle)
 r - an uncursed amulet of warding {unknown}
Wands
 s - a wand of fire (6)
Scrolls
 f - 4 scrolls of teleportation
 m - 2 scrolls of remove curse
 t - 3 scrolls of magic mapping
 v - a scroll of blinking
Potions
 g - a potion of agility {unknown}
 i - a potion of flight
 j - a potion of invisibility
 k - 2 potions of ambrosia
 l - a potion of haste
 o - 2 potions of lignification
 u - a potion of cancellation {unknown}
Comestibles
 e - 2 bread rations
 q - a meat ration


   Skills:
 - Level 2.0 Fighting
 + Level 4.4 Short Blades
 - Level 2.7 Throwing
 - Level 1.0 Dodging
 + Level 8.4 Stealth
 + Level 4.1 Invocations


You had 6 spell levels left.
You didn't know any spells.

Dungeon Overview and Level Annotations

Branches:
Dungeon (5/15)
 Temple: D:4-7

Altars:
Cheibriados
Gozag
Kikubaaqudgha
Makhleb
Qazlal
Trog
Yredelemnul
The Shining One

Annotations:
D:2 Natasha


Innate Abilities, Weirdness & Mutations

You cannot wear most types of armour.
You are amphibious.
You can wear up to eight rings at the same time.
You can use your tentacles to constrict eight enemies at once.
Your skin changes colour to match your surroundings (Stealth).
Your rubbery body absorbs attacks (AC +1).


Message History

You barely miss the sky beast.
The sky beast is severely wounded.
The sky beast hits you. The sky beast shocks you.
You closely miss the sky beast.
The sky beast is severely wounded.
You hit the sky beast. Your squeeze misses the sky beast.
The sky beast is almost dead.
The sky beast hits you. The sky beast shocks you.
* * * LOW HITPOINT WARNING * * *
You hit the sky beast.
The sky beast is almost dead.
The sky beast barely misses you.
You hit the sky beast.
The sky beast is almost dead.
The sky beast flickers out of sight!
Deactivating autopickup; reactivate with Ctrl-A.
Something hits you.
* * * LOW HITPOINT WARNING * * *
Something shocks you.
You die...

.$..#$#.#
#.#..).. #
#.#...#
##.####.#...#
#...........#
#......<..#
#..$......# #
#.........#(###
#........@{...#
#.........###.#
#.......>.#
#.........#
#...$.....#
#####......
.......$
#.###.###


There were no monsters in sight!

Vanquished Creatures
  2 ogres (D:4)
  A phantom (D:4)
  2 orc priests (D:3)
  A hound (D:4)
  A centaur skeleton (D:4)
  2 worker ants (D:4)
  4 adders
  An adder skeleton (D:4)
  A worm (D:1)
  2 giant geckos
  22 orcs
  A ball python (D:4)
  4 giant cockroaches
  3 goblins (D:1)
  4 hobgoblins
  14 jackals
  3 kobolds
  3 bats
  4 giant newts (D:1)
  5 rats
80 creatures vanquished.

Notes
Turn   | Place    | Note
--------------------------------------------------------------
     0 | D:1      | Ijustatesigmund the Octopode Assassin began the quest for the Orb.
     0 | D:1      | Reached XP level 1. HP: 14/14 MP: 1/1
    58 | D:1      | Reached XP level 2. HP: 19/19 MP: 2/2
   490 | D:1      | Reached skill level 6 in Stealth
   526 | D:1      | Reached XP level 3. HP: 24/24 MP: 3/3
  1136 | D:2      | Noticed Natasha
  1481 | D:3      | Found a snail-covered altar of Cheibriados.
  1520 | D:3      | Became a worshipper of Cheibriados the Contemplative
  1544 | D:3      | Reached XP level 4. HP: 21/29 MP: 4/4
  1551 | D:3      | Reached skill level 1 in Invocations
  1556 | D:3      | Found a bloodstained altar of Trog.
  1629 | D:3      | Found a burning altar of Makhleb.
  1641 | D:3      | Found a basalt altar of Yredelemnul.
  1641 | D:3      | Found an ancient bone altar of Kikubaaqudgha.
  1641 | D:3      | Found an opulent altar of Gozag.
  1647 | D:3      | Found a glowing golden altar of the Shining One.
  1720 | D:3      | Reached XP level 5. HP: 18/34 MP: 4/6
  2263 | D:3      | Reached skill level 7 in Stealth
  2636 | D:4      | Noticed an ogre
  2637 | D:4      | Killed an ogre
  2637 | D:4      | Reached * piety under Cheibriados
  2637 | D:4      | Reached XP level 6. HP: 39/39 MP: 6/8
  2645 | D:4      | Noticed a phantom
  2651 | D:4      | Killed a phantom
  2761 | D:4      | Reached skill level 8 in Stealth
  2965 | D:4      | Noticed an ogre
  2972 | D:4      | Killed an ogre
  2972 | D:4      | Reached XP level 7. HP: 24/45 MP: 9/9
  3357 | D:4      | Reached ** piety under Cheibriados
  3551 | D:4      | Found a stormy altar of Qazlal.
  3673 | D:5      | Entered Level 5 of the Dungeon
  3693 | D:5      | Slain by a sky beast

Vault maps used:
D:1:      dpeg_arrival_windows_large_door
D:2:      ecumenical_altar_2, uniq_jessica, uniq_natasha
D:3:      lemuel_doored_altar, nicolae_overflow_hidden_temple, minitemple,
          first_bread
D:4:      nicolae_qazlal_eye_of_the_storm
D:5:      lemuel_castle_with_subvaults, uniq_grinder

Action                   |  1- 3 |  4- 6 |  7- 9 || total
-------------------------+-------+-------+-------++-------
Melee: Dagger            |    72 |    89 |    30 ||   191
 Fire: Blowgun           |     2 |     4 |       ||     6
  Use: Scroll            |     8 |     3 |       ||    11
       Potion            |       |       |     3 ||     3
 Stab: Sleeping          |    15 |     7 |       ||    22
       Invisible         |       |       |     1 ||     1
  Eat: Chunk             |     1 |     4 |       ||     5
       Beef jerky        |       |     1 |       ||     1
